 Dungeon Crawl Stone Soup version 0.30-a0-1053-gbd8d5ba0ad (webtiles) character file.

Game seed: 14736470844160833901

21 gelatine the Stinger (level 2, -2/19 HPs)
             Began as a Demonspawn Venom Mage on Apr 12, 2023.
             Slain by a kobold
             ... wielding a +3 whip
              (7 damage)
             ... on level 1 of the Dungeon.
             The game lasted 00:01:37 (516 turns).

gelatine the Stinger (Demonspawn Venom Mage)         Turns: 516, Time: 00:01:37

Health: -2/19      AC:  2    Str:  8    XL:     2   Next: 62%
Magic:  0/5        EV: 12    Int: 16    God:
Gold:   22         SH:  0    Dex: 13    Spells: 4/5 levels left

rFire   . . .      SeeInvis .    c - +0 dagger
rCold   . . .      Faith    .    (no shield)
rNeg    . . .      Spirit   .    a - +0 robe
rPois   .          Reflect  .    (no helmet)
rElec   .          Rampage  .    (no cloak)
rCorr   .                        (no gloves)
Will    .....                    (no boots)
Stlth   ++                       (no amulet)
HPRegen 0.23/turn                (no ring)
MPRegen 0.09/turn                (no ring)

@: no status effects
A: demonic magic 1
a: no special abilities


You were on level 1 of the Dungeon.
You visited 1 branch of the dungeon, and saw 1 of its levels.

You collected 22 gold pieces.

Inventory:

Hand Weapons
 c - a +0 dagger (weapon)
Armour
 a - a +0 robe (worn)
Scrolls
 d - a scroll of identify {unknown}
Potions
 b - a potion of magic


   Skills:
 + Level 0.5 Short Blades
 + Level 1.9 Dodging
 + Level 1.7 Stealth
 + Level 2.2 Spellcasting
 + Level 1.0 Transmutations
 + Level 3.5 Poison Magic


You had 4 spell levels left.
You knew the following spells:

 Your Spells              Type           Power      Damage    Failure   Level
a - Sting                 Tmut/Pois      36%        1d4       9%          1

Your spell library contained the following spells:

 Spells                   Type           Power      Damage    Failure   Level
 Poisonous Vapours        Pois/Air       14%        N/A       16%         2
 Mephitic Cloud           Conj/Pois/Air  5%         N/A       36%         3
 Olgreb's Toxic Radiance  Pois           13%        N/A       43%         4


Dungeon Overview and Level Annotations

Branches:
Dungeon (1/15)

Altars:


Innate Abilities, Weirdness & Mutations

Spells you cast may paralyse adjacent enemies.


Message History

You are very lightly contaminated with residual magic.
Nothing appears to happen.
The ball python barely misses you. The ball python misses you.
The sting hits the ball python.
The ball python is poisoned.
The ball python is severely wounded.
Malevolent energies surge around you.
You kill the ball python!
Your Transmutations skill increases to level 1!
You can't see any susceptible monsters within range! (Use Z to cast anyway.)
You can't see any susceptible monsters within range! (Use Z to cast anyway.)
Your magical contamination has completely faded away.
You now have 22 gold pieces (gained 10).
A goblin comes into view. It is wielding a +0 dagger.
The sting hits the goblin.
The goblin is poisoned.
The goblin is severely wounded.
The goblin shouts!
Malevolent energies surge around you.
You hear a shout!
The sting misses the goblin.
Malevolent energies surge around you.
The sting misses the goblin.
Malevolent energies surge around you.
You kill the goblin!
A kobold comes into view. It is wielding a +3 whip.
You can't see any susceptible monsters within range! (Use Z to cast anyway.)
You see here a +0 dagger.
You can't see any susceptible monsters within range! (Use Z to cast anyway.)
The sting misses the kobold.
Malevolent energies surge around you.
The sting hits the kobold.
The kobold is poisoned.
The kobold is moderately wounded.
Malevolent energies surge around you. The kobold hits you with a +3 whip!
You are out of magic!
You are out of magic!
You are out of magic!
You completely miss the kobold.
The kobold is moderately wounded.
The kobold hits you with a +3 whip!
* * * LOW HITPOINT WARNING * * *
You closely miss the kobold.
The kobold is moderately wounded.
The kobold hits you with a +3 whip!
You die...

.........# #...#
########.# ##.## ##.##
#.# ##.#.###.####
#.#########.###........
.............#.....###.
........#####.######
...#....)..#### #
#.....@.# #......K#
............
.♣#♣.♣.♣..##.# #
..$.....# # ♣#♣.♣.♣..#
###.####


You could see a kobold (poisoned).

Vanquished Creatures
  2 bats (D:1)
  3 endoplasms (D:1)
  A giant cockroach (D:1)
  3 goblins (D:1)
  3 jackals (D:1)
  4 ball pythons (D:1)
16 creatures vanquished.

Vanquished Creatures (others)
  4 plants (D:1)
4 creatures vanquished.

Grand Total: 20 creatures vanquished

Notes
Turn   | Place    | Note
-------+----------+-------------------------------------------
     0 | D:1      | gelatine the Demonspawn Venom Mage began the quest for the
                  | Orb.
     0 | D:1      | Reached XP level 1. HP: 13/13 MP: 3/3
   211 | D:1      | Gained mutation: Spells you cast may paralyse adjacent
                  | enemies. [demonic ancestry]
   211 | D:1      | Reached XP level 2. HP: 19/19 MP: 3/5
   429 | D:1      | Reached skill level 1 in Transmutations
   516 | D:1      | Slain by a kobold

Illustrated notes

Levels and vault maps discovered:
D:1:      minmay_arrival_solitary_statue, layout_loops_ring, serial_forest,
          infiniplex_forest_lined_2, infiniplex_forest_clump_curved,
          infiniplex_forest_end_2, infiniplex_forest_straight_5,
          infiniplex_forest_fountain, infiniplex_forest_lined_2,
          infiniplex_forest_lined_2

Skill      XL: |  1  2 |
---------------+-------+-----
Transmutations | 1 |  1.0
Short Blades   | |  0.5
Dodging        | |  1.9
Stealth        | |  1.7
Spellcasting   | |  2.2
Poison Magic   | |  3.5

Action                     || total
---------------------------++-------
  Melee: Dagger            ||    35
   Cast: Sting             ||    31
 Armour: Robe              ||     3
  Dodge: Dodged            ||    33

Table legend: (Time is in decaauts)
 A = Elapsed time spent in this place.
 B = Non-inter-level travel time spent in this place.
 C = Inter-level travel time spent in this place.
 D = Time resting spent in this place.
 E = Time spent auto-exploring this place.
 F = Levels seen in this place.
 G = Mean time per level.
                   A        B        C        D        E       F      G
               +--------+--------+--------+--------+--------+-----+--------+
         Total |    515 |    515 |      0 |      0 |    374 |   1 |  515.0 |
       Dungeon |    515 |    515 |      0 |      0 |    374 |   1 |  515.0 |
               +--------+--------+--------+--------+--------+-----+--------+

Top non-repeatable levels by time:
     D:1: 515 daAuts
